 Dungeon Crawl Stone Soup version 0.24-a0-459-g225fefd530 (webtiles) character file.

Game seed: 9202853842331179055

328 vurker the Caller (level 6, -9/44 HPs)
             Began as a Gnoll Summoner on June 30, 2019.
             Was an Initiate of Cheibriados.
             Killed by divine providence
             ... invoked by an orc priest
              (13 damage)
             ... on level 5 of the Dungeon.
             The game lasted 00:12:16 (5424 turns).

vurker the Caller (Gnoll Summoner)                  Turns: 5424, Time: 00:12:16

Health: -9/44      AC:  3    Str: 11    XL:     6   Next: 50%
Magic:  5/14       EV: 15    Int: 20    God:    Cheibriados [......]
Gold:   160        SH:  0    Dex: 17    Spells: 2/15 levels left

rFire    . . .     SeeInvis .   m - +1 spear
rCold    . . .     Gourm    .   (no shield)
rNeg     . . .     Faith    .   h - +0 robe
rPois    .         Spirit   .   q - +0 helmet
rElec    .         Reflect  .   (no cloak)
rCorr    .         Harm     .   (no gloves)
MR       .....                  (no boots)
Stlth    +++.......             (no amulet)
HPRegen  0.14/turn              (no ring)
MPRegen  0.14/turn              (no ring)

@: very slow
A: distributed training, fangs 1, strong nose
a: Bend Time, Renounce Religion


You were on level 5 of the Dungeon.
You worshipped Cheibriados.
Cheibriados was noncommittal.
You were not hungry.

You visited 2 branches of the dungeon, and saw 6 of its levels.

You collected 160 gold pieces.

Inventory:

Hand Weapons
 m - a +1 spear (weapon)
   (You found it on level 3 of the Dungeon)
Armour
 h - a +0 robe (worn)
 q - a +0 helmet (worn)
   (You found it on level 3 of the Dungeon)
Jewellery
 s - a cursed ring of teleportation {unknown}
   (You found it on level 4 of the Dungeon)
Scrolls
 a - a scroll of fog
 c - 2 scrolls of magic mapping
 i - a scroll of teleportation {@r4}
 n - 4 scrolls of remove curse {@r2}
 o - 2 scrolls of identify {@r1}
Potions
 d - 4 potions of curing {unknown}
 f - 3 potions of heal wounds {unknown}
 j - 2 potions of might {unknown}
 t - a potion of flight {unknown}
Comestibles
 e - 6 rations {!d}


   Skills:
 + Level 2.0 Fighting
 + Level 2.0 Short Blades
 + Level 2.0 Long Blades
 + Level 2.0 Axes
 + Level 2.0 Maces & Flails
 + Level 2.0 Polearms
 + Level 2.0 Staves
 + Level 2.0 Slings
 + Level 2.0 Bows
 + Level 2.0 Crossbows
 + Level 2.0 Throwing
 + Level 2.0 Armour
 + Level 5.0 Dodging
 + Level 4.6 Stealth
 + Level 2.0 Shields
 + Level 2.0 Unarmed Combat
 + Level 5.3 Spellcasting
 + Level 1.5 Conjurations
 + Level 1.5 Hexes
 + Level 1.5 Charms
 + Level 7.3 Summonings
 + Level 1.5 Necromancy
 + Level 1.5 Translocations
 + Level 1.5 Transmutations
 + Level 1.5 Fire Magic
 + Level 1.5 Ice Magic
 + Level 1.5 Air Magic
 + Level 1.5 Earth Magic
 + Level 1.5 Poison Magic
 + Level 2.1 Invocations
 + Level 2.0 Evocations


You had 2 spell levels left.
You knew the following spells:

 Your Spells              Type           Power        Failure   Level  Hunger
a - Call Imp              Summ           ####....     1%          2    None
b - Summon Ice Beast      Ice/Summ       ###.....     19%         4    ####...
c - Summon Lightning Spi  Summ/Air       ###.....     19%         4    ####...
d - Call Canine Familiar  Summ           ####....     1%          3    ##.....

Your spell library contained the following spells:

 Spells                   Type           Power        Failure   Level  Hunger
 Summon Small Mammal      Summ           ####         1%          1    None
 Summon Guardian Golem    Hex/Summ       ###.....     5%          3    ##.....


Dungeon Overview and Level Annotations

Branches:
Dungeon (5/15)             Temple (1/1) D:4

Altars:
Ashenzari
Cheibriados
Dithmenos
Elyvilon
Fedhas
Kikubaaqudgha
Okawaru
Qazlal
Ru
Sif Muna
Trog
Uskayaw
Vehumet
Zin
The Shining One


Innate Abilities, Weirdness & Mutations

Your experience applies equally to all skills.
You have very sharp teeth.
Your uncanny sense of smell can sniff out nearby items.


Message History

The orc priest hits your iron imp but does no damage.
Your crimson imp hits the orc.
The orc dies!
Cheibriados appreciates the change of pace.
The orc closely misses you.
Unknown command.
A beastly little devil appears in a puff of flame.
The orc priest closely misses your iron imp.
Your iron imp hits the orc priest.
The orc barely misses you. What are your orders? t - Bark!
Orders for allies: a - Attack new target. r - Retreat! s - Stop attacking. g - Guard the area. f - Follow me.
Anything else - Cancel.
Gang up on whom?
Aim: an orc priest, wearing a +0 leather armour (severely wounded) Attack!
The orc priest invokes the aid of Beogh against you.
Beogh smites you!
* * * LOW HITPOINT WARNING * * *
Your iron imp barely misses the orc priest.
The orc hits you.
* * * LOW HITPOINT WARNING * * *
You are too injured to fight recklessly!
You closely miss the orc. The orc priest hits your iron imp.
Your crimson imp closely misses the orc priest.
Your iron imp barely misses the orc priest.
The orc closely misses you.
You hit the orc but do no damage.
The orc priest barely misses your iron imp.
Your crimson imp blinks!
The orc hits you but does no damage.
Your iron imp hits the orc priest.
What are your orders? t - Bark!
Orders for allies: a - Attack new target. p - Attack previous target. r - Retreat! s - Stop attacking. g - Guard the area. f - Follow me.
Anything else - Cancel.
Gang up on whom?
Aim: an orc priest, wearing a +0 leather armour (almost dead) Attack!
The orc priest calls down the wrath of Beogh upon you.
Beogh smites you!
* * * LOW HITPOINT WARNING * * *
The orc misses you.
Your crimson imp blinks!
The orc priest mumbles some strange prayers to Beogh against you.
Beogh smites you!
You die...

,,,,,,,,.....,*#.#,,,,,,,,,*,,,,,
,,,,,,,,.....,##.#***,,,,,,,,,,,,
,*,,,,,,......#..# *,,,,,,,,,,,,,
,,,,,,,,....†.#..# *,,..,,,,,,,,,
**,,,,,,.....)o%.###....,,,,,,,,,
,,,,,,,**##.%..5........,,,,,,,,,
,,,,,,,*........o###...∆,,,,,,,,,
**,,,,,,.#######..§#*,,,,,,,,,,,,
**,,,,,,** #.@#.#**,∆,,,,,,,,,
*,,,,,,** #..#..#*******,,,**
,,****** ##.5...# *,,,,* ***
###...#* **,,,* *#...* *****
*...# *####


You could see an orc priest, an orc, a friendly iron imp and a friendly crimson
imp.

Vanquished Creatures
  An ice beast (D:5)
  An iguana (D:4)
  A worker ant (D:3)
  An adder (D:3)
  A worm (D:3)
  5 leopard geckos
  4 giant cockroaches
  6 goblins
  6 hobgoblins
  3 jackals
  2 quokkas (D:2)
  A ball python (D:3)
  4 bats
  A frilled lizard (D:4)
  7 kobolds
  5 rats
49 creatures vanquished.

Vanquished Creatures (collateral kills)
  Blork the orc (D:4)
  A bullfrog (D:4)
  A scorpion (D:4)
  An iguana (D:4)
  A worker ant (D:4)
  2 adders
  An ooze (D:1)
  A worm (D:3)
  2 leopard geckos (D:4)
  3 orcs
  A ball python (D:1)
  A giant cockroach (D:3)
  6 goblins
  4 hobgoblins (D:1)
  4 jackals
  5 kobolds
  A quokka (D:3)
  A frilled lizard (D:1)
  3 rats
40 creatures vanquished.

Grand Total: 89 creatures vanquished

Notes
Turn   | Place    | Note
-------+----------+-------------------------------------------
     0 | D:1      | vurker the Gnoll Summoner began the quest for the Orb.
     0 | D:1      | Reached XP level 1. HP: 13/13 MP: 6/6
   605 | D:1      | Reached XP level 2. HP: 19/19 MP: 5/7
   625 | D:1      | Learned a level 2 spell: Call Imp
  1407 | D:1      | Reached XP level 3. HP: 20/25 MP: 5/9
  1481 | D:1      | Learned a level 3 spell: Call Canine Familiar
  1504 | D:2      | Reached skill level 5 in Spellcasting
  1747 | D:2      | Found a white marble altar of Elyvilon.
  1913 | D:2      | Reached skill level 1 in Invocations
  2304 | D:2      | Reached skill level 1 in Fighting
  2304 | D:2      | Reached skill level 1 in Short Blades
  2304 | D:2      | Reached skill level 1 in Long Blades
  2304 | D:2      | Reached skill level 1 in Axes
  2304 | D:2      | Reached skill level 1 in Maces & Flails
  2304 | D:2      | Reached skill level 1 in Polearms
  2304 | D:2      | Reached skill level 1 in Staves
  2304 | D:2      | Reached skill level 1 in Slings
  2304 | D:2      | Reached skill level 1 in Bows
  2304 | D:2      | Reached skill level 1 in Crossbows
  2304 | D:2      | Reached skill level 1 in Throwing
  2304 | D:2      | Reached skill level 1 in Armour
  2304 | D:2      | Reached skill level 1 in Shields
  2304 | D:2      | Reached skill level 1 in Unarmed Combat
  2304 | D:2      | Reached skill level 1 in Evocations
  2431 | D:3      | Reached XP level 4. HP: 6/32 MP: 3/11
  3514 | D:3      | Reached skill level 1 in Conjurations
  3514 | D:3      | Reached skill level 1 in Hexes
  3514 | D:3      | Reached skill level 1 in Charms
  3514 | D:3      | Reached skill level 1 in Necromancy
  3514 | D:3      | Reached skill level 1 in Translocations
  3514 | D:3      | Reached skill level 1 in Transmutations
  3514 | D:3      | Reached skill level 1 in Fire Magic
  3514 | D:3      | Reached skill level 1 in Ice Magic
  3514 | D:3      | Reached skill level 1 in Air Magic
  3514 | D:3      | Reached skill level 1 in Earth Magic
  3514 | D:3      | Reached skill level 1 in Poison Magic
  4022 | D:3      | Learned a level 4 spell: Summon Lightning Spire
  4084 | D:4      | Noticed a bullfrog
  4094 | D:4      | Killed a bullfrog
  4094 | D:4      | Reached XP level 5. HP: 14/37 MP: 7/12
  4296 | D:4      | Noticed Blork the orc
  4306 | D:4      | Killed Blork the orc
  4717 | D:4      | Found a staircase to the Ecumenical Temple.
  4726 | Temple   | Entered the Ecumenical Temple
  4831 | Temple   | Became a worshipper of Cheibriados the Contemplative
  4892 | D:4      | Reached XP level 6. HP: 33/44 MP: 7/13
  5331 | D:5      | Entered Level 5 of the Dungeon
  5397 | D:4      | Learned a level 4 spell: Summon Ice Beast
  5399 | D:5      | Noticed an ice beast
  5418 | D:5      | Killed an ice beast
  5418 | D:5      | Reached skill level 5 in Dodging
  5424 | D:5      | Killed from afar by an orc priest

Levels and vault maps discovered:
D:1:      dpeg_arrival_pits, layout_loops_ring, serial_glass, glass_columns_a,
          glass_columns_c, due_unseen_surprise, item_on_display_b,
          feat_on_display, feat_on_display, minmay_misc_feat_cross
D:2:      layout_loops_ring, elyvilon_altar_5
D:3:      layout_basic, minmay_misc_feat_encased
D:4:      layout_basic, temple_fountains, minmay_lizard_king, uniq_blork_the_orc
D:5:      layout_rooms, first_ration
Temple:   regret_index_temple_waves

Skill      XL: |  1  2  3  4  5  6 |
---------------+-------------------+-----
Spellcasting   | 5 |  5.3
Invocations    | 1 2 |  2.1
Fighting       | 1 2 |  2.0
Short Blades   | 1 2 |  2.0
Long Blades    | 1 2 |  2.0
Axes           | 1 2 |  2.0
Maces & Flails | 1 2 |  2.0
Polearms       | 1 2 |  2.0
Staves         | 1 2 |  2.0
Slings         | 1 2 |  2.0
Bows           | 1 2 |  2.0
Crossbows      | 1 2 |  2.0
Throwing       | 1 2 |  2.0
Armour         | 1 2 |  2.0
Shields        | 1 2 |  2.0
Unarmed Combat | 1 2 |  2.0
Evocations     | 1 2 |  2.0
Conjurations   | 1 |  1.5
Hexes          | 1 |  1.5
Charms         | 1 |  1.5
Necromancy     | 1 |  1.5
Translocations | 1 |  1.5
Transmutations | 1 |  1.5
Fire Magic     | 1 |  1.5
Ice Magic      | 1 |  1.5
Air Magic      | 1 |  1.5
Earth Magic    | 1 |  1.5
Poison Magic   | 1 |  1.5
Dodging        | 5 |  5.0
Stealth        | |  4.6
Summonings     | |  7.3

Action                   |  1- 3 |  4- 6 || total
-------------------------+-------+-------++-------
Melee: Short sword       |     7 |       ||     7
       Unarmed           |     2 |       ||     2
       Bite              |     2 |     7 ||     9
       Dagger            |     8 |    52 ||    60
       Spear             |       |    58 ||    58
 Fire: Hunting sling     |   106 |       ||   106
 Cast: Summon Small Mamm |    45 |    18 ||    63
       Call Imp          |     5 |    22 ||    27
       Call Canine Famil |       |     1 ||     1
  Use: Scroll            |     1 |     8 ||     9
       Potion            |     2 |       ||     2
 Stab: Distracted        |     1 |     1 ||     2
       Sleeping          |       |     9 ||     9
  Eat: Chunk             |     4 |     7 ||    11
       Ration            |       |     1 ||     1
Armor: Robe              |     7 |     8 ||    15
Dodge: Dodged            |    76 |    72 ||   148

Table legend:
 A = Non-vault XP
 B = Vault XP
 C = Vault XP percentage of total XP
 D = Non-vault monster count
 E = Vault monster count
 F = Vault count percentage of total count
                 A         B        C        D         E       F
            +---------+---------+-------+---------+---------+-------
      Total |     395 |      74 |  15.8 |      84 |       5 |   5.6
            +---------+---------+-------+---------+---------+-------
        D:1 |      36 |       0 |   0.0 |      25 |       0 |   0.0
        D:2 |      41 |       0 |   0.0 |      21 |       0 |   0.0
        D:3 |      76 |       0 |   0.0 |      23 |       0 |   0.0
        D:4 |     171 |      74 |  30.2 |      12 |       5 |  29.4
        D:5 |      71 |       0 |   0.0 |       3 |       0 |   0.0
            +---------+---------+-------+---------+---------+-------
